 Dungeon Crawl Stone Soup version 0.31-a0-844-gdc52ec4e09 (webtiles) character file.

Game seed: 6300903607258812910

73 Rappanathuk the Trooper (level 4, -4/40 HPs)
             Began as a Hill Orc Fighter on Sept 28, 2023.
             Slain by Terence
             ... wielding a +0 flail
              (7 damage)
             ... on level 3 of the Dungeon.
             The game lasted 00:09:34 (2067 turns).

Rappanathuk the Trooper (Hill Orc Fighter)          Turns: 2067, Time: 00:09:35

Health: -4/40      AC:  0    Str: 18    XL:     4   Next: 27%
Magic:  4/4        EV: 13    Int:  8    God:
Gold:   143        SH:  0    Dex: 12    Spells: 3/3 levels left

rFire   . . .        a - melded +0 war axe
rCold   . . .        c - melded +0 buckler
rNeg    . . .        o - melded +0 chain mail
rPois   .            (helmet currently unavailable)
rElec   .            (cloak currently unavailable)
rCorr   .            (gloves currently unavailable)
SInv    .            (boots currently unavailable)
Will    .....        (no amulet)
Stlth   +            h - melded ring of resist corrosion
HPRegen 0.26/turn    k - melded ring of positive energy
MPRegen 0.09/turn

%: no passive effects
@: pig-form (expiring), very quick
A: fast, no casting, small
a: no special abilities


You were on level 3 of the Dungeon.
You were a filthy swine.
You visited 1 branch of the dungeon, and saw 3 of its levels.

You collected 143 gold pieces.

Inventory:

Hand Weapons
 a - a +0 war axe (melded)
Missiles
 s - 3 boomerangs
Armour
 c - a +0 buckler (melded)
 o - a +0 chain mail (melded)
Jewellery
 h - a ring of resist corrosion (melded)
 k - a ring of positive energy (melded)
 r - an amulet of magic regeneration
Wands
 u - a wand of iceblast (3)
Scrolls
 b - a scroll of amnesia {unknown}
 f - a scroll of enchant armour {unknown}
 g - 2 scrolls of identify {unknown}
 i - a scroll of revelation {unknown}
 j - a scroll of silence {unknown}
 m - a scroll of fear {unknown}
 n - a scroll of teleportation {unknown}
 q - a scroll of brand weapon {unknown}
Potions
 d - a potion of might
 e - a potion of enlightenment {unknown}
 l - 2 potions of curing {unknown}
 t - a potion of invisibility {unknown}
 v - a potion of heal wounds {unknown}


   Skills:
 + Level 4.2 Fighting
 + Level 4.0 Axes
 + Level 3.8 Armour
 + Level 0.2 Dodging
 + Level 3.8 Shields


You had 3 spell levels left.
You didn't know any spells.
Your spell library contained the following spells:

 Spells                   Type           Power      Damage    Failure   Level
 Kiss of Death            Conj/Necr      0%         2d5       41%         1
 Confusing Touch          Hex            0%         N/A       78%         3
 Dispel Undead            Necr           0%         3d6       99%         4


Dungeon Overview and Level Annotations

Branches:
Dungeon (3/15)

Altars:

Shops:
D:1 [   D:2 *

Annotations:
D:3 Terence


Message History

Your +0 war axe melds into your body.
Your +0 buckler melds into your body.
Your +0 chain mail melds into your body.
Your ring of resist corrosion melds into your body.
Your ring of positive energy melds into your body.
You barely miss Terence.
Terence is severely wounded.
Terence hits you with a +0 flail.
You barely miss Terence.
Terence is severely wounded.
Terence closely misses you.
You closely miss Terence.
Terence is severely wounded.
Terence hits you with a +0 flail.
You barely miss Terence.
Terence is severely wounded.
Terence misses you.
You hit Terence but do no damage.
Terence is severely wounded.
Terence hits you with a +0 flail!
You hit Terence but do no damage.
Terence is severely wounded.
Terence hits you with a +0 flail!
You barely miss Terence.
Terence is severely wounded.
Terence hits you with a +0 flail!
* * * LOW HITPOINT WARNING * * *
You barely miss Terence.
Terence is severely wounded.
Your transformation is almost over.
You hit Terence.
Terence is severely wounded.
Terence hits you with a +0 flail.
* * * LOW HITPOINT WARNING * * *
You barely miss Terence.
Terence is severely wounded.
Terence misses you.
You barely miss Terence.
Terence is severely wounded.
Terence hits you with a +0 flail!
You die...

#............##.###
#............#_.#3#
#............##.###
###.............#8...
................#####
#.###..................
.................###.#.
########'.........#
#...
.......h#.........#
####
.+####+@#.........#
#.#.........#
#.#.........#
#.#...####### #.#..##
+.#..# .(#


You could see Terence.

Vanquished Creatures
  2 adders (D:2)
  A worm (D:2)
  A dart slug (D:1)
  2 ball pythons
  5 endoplasms
  A giant cockroach (D:1)
  7 goblins
  5 hobgoblins
  6 jackals
  4 kobolds
  A quokka (D:2)
  4 frilled lizards
  5 rats
44 creatures vanquished.

Notes
Turn   | Place    | Note
-------+----------+-------------------------------------------
     0 | D:1      | Rappanathuk the Hill Orc Fighter began the quest for the
                  | Orb.
     0 | D:1      | Reached XP level 1. HP: 19/19 MP: 1/1
    73 | D:1      | Reached XP level 2. HP: 25/27 MP: 2/2
   291 | D:1      | Reached XP level 3. HP: 24/33 MP: 3/3
   647 | D:1      | Found Kedeota's Armour Shop.
   795 | D:2      | Found Arets's General Store.
  1387 | D:2      | Reached XP level 4. HP: 40/40 MP: 4/4
  1416 | D:2      | You fall into a shaft and drop 1 floor!
  2011 | D:3      | Found a faded altar of an unknown god.
  2011 | D:3      | Noticed a sixfirhy
  2049 | D:3      | Noticed Terence
  2065 | D:3      | HP: 2/40 [Terence/+0 flail (4)]
  2067 | D:3      | Slain by Terence

Illustrated notes

Levels and vault maps discovered:
D:1:      dpeg_arrival_another_circle, layout_loops_ring, serial_shops, shop
D:2:      layout_loops_ring, serial_shops, shop
D:3:      layout_basic, dreamdust_ecumenical_altar_sealed_demon, minivault_11,
          uniq_terence

Skill      XL: |  1  2  3  4 |
---------------+-------------+-----
Axes           | 3 4 |  4.0
Fighting       | 4 |  4.2
Armour         | |  3.8
Dodging        | |  0.2
Shields        | |  3.8

Action                     |  1- 3 |  4- 6 || total
---------------------------+-------+-------++-------
  Melee: War axe           |   120 |    13 ||   133
         Unarmed           |       |    11 ||    11
  Throw: Javelin           |       |    12 ||    12
 Armour: Scale mail        |    80 |       ||    80
         Chain mail        |       |     7 ||     7
         Skin              |       |     7 ||     7
  Dodge: Dodged            |    52 |     5 ||    57
  Block: Buckler           |    26 |     5 ||    31

Table legend: (Time is in decaauts)
 A = Elapsed time spent in this place.
 B = Non-inter-level travel time spent in this place.
 C = Inter-level travel time spent in this place.
 D = Time resting spent in this place.
 E = Time spent auto-exploring this place.
 F = Levels seen in this place.
 G = Mean time per level.
                   A        B        C        D        E       F      G
               +--------+--------+--------+--------+--------+-----+--------+
         Total |   2119 |   2084 |     35 |    244 |   1213 |   3 |  706.3 |
       Dungeon |   2119 |   2084 |     35 |    244 |   1213 |   3 |  706.3 |
               +--------+--------+--------+--------+--------+-----+--------+

Top non-repeatable levels by time:
     D:2: 982 daAuts
     D:1: 754 daAuts
     D:3: 383 daAuts
